2865 views
Uploaded 2020-02-14 17:46:19
Game version 1.32 / 1.32.1
6:27 long 4on4 ladder game on (8)BanewoodBog_LV
Saved by Teelo
2865 views
Uploaded 2020-02-14 17:46:19
Game version 1.32 / 1.32.1
6:27 long 4on4 ladder game on (8)BanewoodBog_LV


60 units @ 5.9k
/ 0.2k
43 buildings @ 5.6k
/ 2k

| Wisp | 10 | 600 | / | 0 |
| Archer | 4 | 520 | / | 40 |
| Huntress | 2 | 390 | / | 40 |
| total: | 16 | 1510g | / | 80w |
| Ancient Protector | 2 | 270 | / | 160 |
| Ancient of War | 1 | 150 | / | 60 |
| Moon Well | 3 | 540 | / | 120 |
| Altar of Elders | 1 | 180 | / | 50 |
| Hunter's Hall | 1 | 210 | / | 100 |
| Tree of Ages | 1 | 320 | / | 180 |
| total: | 8 | 1350g | / | 490w |
| 0:03 | Wisp |
| 0:11 | Ancient of War |
| 0:14 | Wisp |
| 0:19 | Moon Well |
| 0:28 | Altar of Elders |
| 0:31 | Wisp |
| 0:46 | Wisp |
| 0:59 | Wisp |
| 1:13 | Archer |
| 1:16 | Wisp |
| 1:33 | Wisp |
| 1:35 | Archer |
| 1:52 | Moon Well |
| 2:17 | Hunter's Hall |
| 2:29 | Shadow Strike |
| 2:44 | Archer |
| 2:46 | Wisp |
| 3:10 | Archer |
| 3:23 | Tree of Ages |
| 3:36 | Huntress |
| 3:52 | Ancient Protector |
| 3:56 | Ancient Protector |
| 4:12 | Huntress |
| 4:27 | Moon Well |
| 6:08 | Blink |
| 6:16 | Wisp |
| 6:18 | Wisp |
| Right click | 360 |
| Select group | 349 |
| Select | 119 |
| Build/train/purchase | 23 |
| Assign group | 7 |
| Use ability | 4 |
| Misc. action | 1 |
| Minimap ping | 1 |

| Wisp | 7 | 420 | / | 0 |
| Archer | 6 | 780 | / | 60 |
| Huntress | 3 | 585 | / | 60 |
| total: | 16 | 1785g | / | 120w |
| Moon Well | 3 | 540 | / | 120 |
| Altar of Elders | 1 | 180 | / | 50 |
| Ancient of War | 1 | 150 | / | 60 |
| Hunter's Hall | 1 | 210 | / | 100 |
| Tree of Ages | 1 | 320 | / | 180 |
| total: | 6 | 1080g | / | 330w |
| 0:04 | Wisp |
| 0:05 | Wisp |
| 0:11 | Moon Well |
| 0:21 | Altar of Elders |
| 0:28 | Wisp |
| 0:42 | Ancient of War |
| 0:47 | Wisp |
| 1:29 | Moon Well |
| 1:48 | Archer |
| 1:57 | Wisp |
| 2:11 | Wisp |
| 2:15 | Archer |
| 2:24 | Archer |
| 2:32 | Mana Burn |
| 2:48 | Hunter's Hall |
| 2:49 | Wisp |
| 3:02 | Archer |
| 3:23 | Archer |
| 3:45 | Archer |
| 3:57 | Tree of Ages |
| 4:00 | Huntress |
| 4:35 | Huntress |
| 4:44 | Moon Well |
| 5:18 | Strength of the Moon |
| 6:07 | Evasion |
| 6:23 | Huntress |
| 6:27 | Strength of the Wild |
| Right click | 100 |
| Select group | 68 |
| Select | 61 |
| Build/train/purchase | 22 |
| Assign group | 9 |
| Use ability | 2 |

| Peasant | 8 | 600 | / | 0 |
| Footman | 5 | 675 | / | 0 |
| Priest | 1 | 135 | / | 10 |
| total: | 14 | 1410g | / | 10w |
| Scout Tower | 2 | 60 | / | 40 |
| Guard Tower | 2 | 140 | / | 100 |
| Altar of Kings | 1 | 180 | / | 50 |
| Barracks | 1 | 160 | / | 60 |
| Farm | 4 | 320 | / | 80 |
| Lumber Mill | 2 | 240 | / | 0 |
| Blacksmith | 1 | 140 | / | 60 |
| Arcane Vault | 1 | 130 | / | 30 |
| Arcane Sanctum | 1 | 150 | / | 140 |
| Keep | 2 | 640 | / | 420 |
| Castle | 1 | 360 | / | 210 |
| total: | 13 | 1380g | / | 460w |
| 0:03 | Peasant |
| 0:03 | Peasant |
| 0:03 | Peasant |
| 0:08 | Altar of Kings |
| 0:20 | Barracks |
| 0:36 | Farm |
| 0:46 | Peasant |
| 0:50 | Farm |
| 1:06 | Peasant |
| 1:12 | Peasant |
| 1:23 | Footman |
| 1:38 | Peasant |
| 1:43 | Farm |
| 1:47 | Footman |
| 1:54 | Peasant |
| 2:08 | Footman |
| 2:22 | Breath of Fire |
| 2:32 | Footman |
| 3:02 | Keep |
| 3:17 | Footman |
| 3:21 | Farm |
| 3:27 | Lumber Mill |
| 3:40 | Lumber Mill |
| 3:58 | Blacksmith |
| 4:04 | Scout Tower |
| 4:10 | Scout Tower |
| 4:45 | Guard Tower |
| 4:46 | Guard Tower |
| 4:50 | Arcane Vault |
| 5:03 | Drunken Haze |
| 5:37 | Arcane Sanctum |
| 5:53 | Castle |
| 5:56 | Improved Lumber Harvesting |
| 6:26 | Priest |
| 6:27 | Priest Adept Training |
| Select | 114 |
| Right click | 88 |
| Select group | 50 |
| Chat | 27 |
| Build/train/purchase | 24 |
| Assign group | 12 |
| Misc. action | 8 |
| Use ability | 7 |

| Scroll of Regeneration | 1 | 100 |
| Lesser Clarity Potion | 1 | 70 |
| total: | 2 | 170g |
| Peasant | 11 | 825 | / | 0 |
| Footman | 3 | 405 | / | 0 |
| total: | 14 | 1230g | / | 0w |
| Scout Tower | 3 | 90 | / | 60 |
| Arcane Tower | 1 | 70 | / | 50 |
| Altar of Kings | 1 | 180 | / | 50 |
| Farm | 6 | 480 | / | 120 |
| Barracks | 1 | 160 | / | 60 |
| Lumber Mill | 1 | 120 | / | 0 |
| Arcane Vault | 1 | 130 | / | 30 |
| Blacksmith | 1 | 140 | / | 60 |
| Town Hall | 1 | 385 | / | 205 |
| Arcane Sanctum | 1 | 150 | / | 140 |
| Keep | 1 | 320 | / | 210 |
| total: | 16 | 1835g | / | 725w |
| 0:22 | Peasant |
| 0:22 | Peasant |
| 0:23 | Peasant |
| 0:43 | Altar of Kings |
| 0:55 | Peasant |
| 1:01 | Farm |
| 1:09 | Peasant |
| 1:10 | Peasant |
| 1:13 | Barracks |
| 1:31 | Lumber Mill |
| 1:34 | Peasant |
| 1:42 | Farm |
| 2:00 | Scout Tower |
| 2:05 | Peasant |
| 2:21 | Footman |
| 2:22 | Footman |
| 2:26 | Arcane Vault |
| 2:38 | Farm |
| 2:46 | Summon Water Elemental |
| 3:05 | Footman |
| 3:26 | Keep |
| 3:52 | Farm |
| 3:53 | Farm |
| 3:54 | Farm |
| 3:56 | Arcane Tower |
| 4:18 | Brilliance Aura |
| 4:56 | Improved Masonry |
| 5:02 | Blacksmith |
| 5:07 | Scroll of Regeneration |
| 5:09 | Lesser Clarity Potion |
| 5:31 | Town Hall |
| 5:33 | Scout Tower |
| 5:35 | Scout Tower |
| 5:56 | Peasant |
| 5:56 | Peasant |
| 5:56 | Peasant |
| 5:58 | Improved Lumber Harvesting |
| 6:08 | Arcane Sanctum |
| Right click | 105 |
| Select group | 78 |
| Select | 67 |
| Assign group | 31 |
| Build/train/purchase | 31 |
| Misc. action | 22 |
| Chat | 16 |
67 units @ 8.8k
/ 0.8k
38 buildings @ 5.8k
/ 1.9k

| Peasant | 8 | 600 | / | 0 |
| Footman | 3 | 405 | / | 0 |
| Rifleman | 7 | 1435 | / | 210 |
| total: | 18 | 2440g | / | 210w |
| Altar of Kings | 1 | 180 | / | 50 |
| Farm | 5 | 400 | / | 100 |
| Barracks | 1 | 160 | / | 60 |
| Lumber Mill | 1 | 120 | / | 0 |
| Blacksmith | 1 | 140 | / | 60 |
| Keep | 1 | 320 | / | 210 |
| total: | 9 | 1000g | / | 270w |
| 0:09 | Altar of Kings |
| 0:10 | Peasant |
| 0:10 | Peasant |
| 0:10 | Peasant |
| 0:10 | Peasant |
| 0:28 | Farm |
| 1:09 | Farm |
| 1:13 | Barracks |
| 1:21 | Farm |
| 1:24 | Peasant |
| 2:00 | Peasant |
| 2:00 | Peasant |
| 2:00 | Peasant |
| 2:32 | Summon Water Elemental |
| 2:49 | Footman |
| 2:49 | Footman |
| 2:50 | Footman |
| 2:56 | Lumber Mill |
| 4:15 | Keep |
| 4:18 | Blacksmith |
| 5:06 | Brilliance Aura |
| 5:38 | Rifleman |
| 5:38 | Rifleman |
| 5:38 | Rifleman |
| 5:39 | Rifleman |
| 5:39 | Rifleman |
| 5:39 | Rifleman |
| 5:39 | Rifleman |
| 5:44 | Farm |
| 6:24 | Farm |
| Right click | 202 |
| Select | 95 |
| Build/train/purchase | 25 |
| Misc. action | 3 |
| Use ability | 1 |
| Minimap ping | 1 |

| Rod of Necromancy | 1 | 150 |
| total: | 1 | 150g |
| Acolyte | 4 | 300 | / | 0 |
| Ghoul | 4 | 480 | / | 0 |
| total: | 8 | 780g | / | 0w |
| Spirit Tower | 1 | 145 | / | 40 |
| Altar of Darkness | 1 | 180 | / | 50 |
| Ziggurat | 3 | 450 | / | 150 |
| Crypt | 1 | 200 | / | 50 |
| Tomb of Relics | 1 | 130 | / | 30 |
| Graveyard | 1 | 215 | / | 0 |
| Slaughterhouse | 1 | 140 | / | 135 |
| Halls of the Dead | 1 | 320 | / | 210 |
| total: | 8 | 1315g | / | 415w |
| 0:03 | Acolyte |
| 0:03 | Acolyte |
| 0:09 | Altar of Darkness |
| 0:14 | Ziggurat |
| 0:35 | Crypt |
| 0:57 | Tomb of Relics |
| 1:28 | Ziggurat |
| 1:37 | Ghoul |
| 1:37 | Ghoul |
| 2:09 | Rod of Necromancy |
| 2:14 | Ghoul |
| 2:26 | Frost Nova |
| 2:43 | Ghoul |
| 3:20 | Halls of the Dead |
| 3:47 | Graveyard |
| 3:52 | Ziggurat |
| 4:24 | Frost Armor |
| 5:14 | Creature Attack |
| 5:36 | Spirit Tower |
| 5:44 | Acolyte |
| 6:17 | Acolyte |
| 6:24 | Slaughterhouse |
| Right click | 196 |
| Select | 87 |
| Build/train/purchase | 23 |
| Select group | 16 |
| Assign group | 12 |
| Resource trade | 8 |
| Use ability | 5 |
| Misc. action | 3 |
| Minimap ping | 3 |
| Remove unit | 1 |

| Peon | 11 | 825 | / | 0 |
| Grunt | 2 | 400 | / | 0 |
| Troll Headhunter | 13 | 1820 | / | 260 |
| total: | 26 | 3045g | / | 260w |
| Watch Tower | 4 | 440 | / | 320 |
| Altar of Storms | 1 | 180 | / | 50 |
| Barracks | 1 | 180 | / | 50 |
| Orc Burrow | 4 | 640 | / | 160 |
| War Mill | 1 | 205 | / | 0 |
| Great Hall | 1 | 385 | / | 185 |
| total: | 12 | 2030g | / | 765w |
| 0:08 | Altar of Storms |
| 0:11 | Barracks |
| 0:13 | Peon |
| 0:13 | Peon |
| 0:35 | Orc Burrow |
| 0:46 | Peon |
| 0:46 | Peon |
| 1:00 | Peon |
| 1:00 | Peon |
| 1:04 | Peon |
| 1:04 | Peon |
| 1:34 | War Mill |
| 1:56 | Grunt |
| 1:56 | Grunt |
| 2:07 | Orc Burrow |
| 2:28 | Feral Spirit |
| 2:54 | Troll Headhunter |
| 2:55 | Troll Headhunter |
| 2:55 | Troll Headhunter |
| 3:07 | Steel Ranged Weapons |
| 3:10 | Spiked Barricades |
| 3:49 | Orc Burrow |
| 3:54 | Orc Burrow |
| 4:06 | Troll Headhunter |
| 4:07 | Troll Headhunter |
| 4:07 | Troll Headhunter |
| 4:27 | Peon |
| 4:27 | Peon |
| 4:46 | Troll Headhunter |
| 4:46 | Troll Headhunter |
| 4:46 | Troll Headhunter |
| 5:05 | Peon |
| 5:17 | Watch Tower |
| 5:18 | Watch Tower |
| 5:19 | Watch Tower |
| 5:29 | Watch Tower |
| 5:37 | Chain Lighting |
| 6:15 | Chain Lighting |
| 6:22 | Great Hall |
| 6:25 | Troll Headhunter |
| 6:25 | Troll Headhunter |
| 6:26 | Troll Headhunter |
| 6:26 | Troll Headhunter |
| Right click | 188 |
| Select | 62 |
| Select group | 59 |
| Build/train/purchase | 35 |
| Assign group | 8 |
| Use ability | 1 |

| Rod of Necromancy | 1 | 150 |
| total: | 1 | 150g |
| Acolyte | 2 | 150 | / | 0 |
| Ghoul | 4 | 480 | / | 0 |
| Crypt Fiend | 9 | 1935 | / | 360 |
| total: | 15 | 2565g | / | 360w |
| Crypt | 1 | 200 | / | 50 |
| Altar of Darkness | 1 | 180 | / | 50 |
| Ziggurat | 4 | 600 | / | 200 |
| Tomb of Relics | 1 | 130 | / | 30 |
| Graveyard | 1 | 215 | / | 0 |
| Slaughterhouse | 1 | 140 | / | 135 |
| Halls of the Dead | 1 | 320 | / | 210 |
| Black Citadel | 1 | 325 | / | 230 |
| total: | 9 | 1465g | / | 465w |
| 0:07 | Acolyte |
| 0:19 | Crypt |
| 0:24 | Altar of Darkness |
| 0:28 | Acolyte |
| 0:39 | Ziggurat |
| 0:58 | Tomb of Relics |
| 1:35 | Ghoul |
| 1:35 | Ghoul |
| 1:53 | Graveyard |
| 2:16 | Ghoul |
| 2:16 | Ghoul |
| 2:40 | Halls of the Dead |
| 2:53 | Ziggurat |
| 2:57 | Death Coil |
| 3:44 | Rod of Necromancy |
| 3:55 | Crypt Fiend |
| 3:56 | Crypt Fiend |
| 3:56 | Crypt Fiend |
| 4:49 | Ziggurat |
| 4:54 | Crypt Fiend |
| 5:06 | Black Citadel |
| 6:04 | Slaughterhouse |
| 6:09 | Ziggurat |
| 6:13 | Crypt Fiend |
| 6:13 | Crypt Fiend |
| 6:13 | Crypt Fiend |
| 6:17 | Crypt Fiend |
| 6:17 | Crypt Fiend |
| Right click | 70 |
| Select | 48 |
| Build/train/purchase | 20 |
| Select group | 12 |
| Assign group | 8 |
| Use ability | 1 |
⇛